 Dungeon Crawl Stone Soup version 0.31-a0-229-g1fc7ce93e2 (webtiles) character file.

Game seed: 15802227300169948957

107 qw the Shooter (level 4, 0/37 HPs)
             Began as a Minotaur Hexslinger on July 6, 2023.
             Killed from afar by Natasha (7 damage)
             ... with a magic dart
             ... on level 3 of the Dungeon.
             The game lasted 00:00:42 (1599 turns).

qw the Shooter (Minotaur Hexslinger)                Turns: 1599, Time: 00:00:43

Health: 0/37       AC:  5    Str: 12    XL:     4   Next: 56%
Magic:  4/4        EV: 12    Int: 10    God:
Gold:   126        SH:  0    Dex: 15    Spells: 4/5 levels left

rFire   . . .        Y - +1 sling (flame)
rCold   . . .        (no shield)
rNeg    . . .        a - +0 leather armour
rPois   .            (helmet restricted)
rElec   .            (no cloak)
rCorr   .            k - +0 pair of gloves
SInv    +            e - +0 pair of boots
Will    .....        (no amulet)
Stlth   +            i - ring of see invisible
HPRegen 0.26/turn    (no ring)
MPRegen 0.09/turn

%: no passive effects
@: no status effects
A: horns 2, retaliatory headbutt
a: no special abilities


You were on level 3 of the Dungeon.
You visited 1 branch of the dungeon, and saw 3 of its levels.

You collected 126 gold pieces.


Innate Abilities, Weirdness & Mutations

You have a pair of horns on your head.
You reflexively headbutt those who attack you in melee.


   Skills:
 + Level 2.3 Fighting
 - Level 5.0 Ranged Weapons
 - Level 2.1 Dodging
 - Level 1.0 Spellcasting
 - Level 2.0 Hexes


You had 4 spell levels left.
You knew the following spells:

 Your Spells              Type           Power      Damage    Failure   Level
a - Slow                  Hex            16%        N/A       19%         1

Your spell library contained the following spells:

 Spells                   Type           Power      Damage    Failure   Level
 Inner Flame              Hex/Fire       2%         N/A       65%         3
 Portal Projectile        Hex/Tloc       4%         N/A       65%         3
 Cause Fear               Hex            2%         N/A       88%         4

Inventory:

Hand Weapons
 Y - a +1 sling of flaming (weapon)
Armour
 a - a +0 leather armour (worn)
 e - a +0 pair of boots (worn)
 k - a +0 pair of gloves (worn)
Jewellery
 i - a ring of see invisible (left hand)
Scrolls
 j - 2 scrolls of identify
Potions
 b - a potion of attraction {unknown}

Dungeon Overview and Level Annotations

Branches:
Dungeon (3/15)

Altars:
Gozag

Annotations:
D:3 3 runed translucent doors, Natasha; qw's ghost, amateur GrHs


Message History

Enter note:
Enter note: You start resting.
The cerulean imp hits you from afar with a +2 spear.
You shoot a sling bullet. The sling bullet hits the cerulean imp.
The sling bullet burns the cerulean imp.
The cerulean imp is moderately wounded.
The cerulean imp hits you from afar with a +2 spear.
The cerulean imp hits you but does no damage.
You shoot a sling bullet.
The sling bullet closely misses the cerulean imp.
The cerulean imp closely misses you.
The cerulean imp hits you with a +2 spear.
You shoot a sling bullet.
The sling bullet closely misses the cerulean imp.
The cerulean imp barely misses you. The cerulean imp closely misses you.
You furiously retaliate!
You headbutt the cerulean imp. You shoot a sling bullet.
The sling bullet hits the cerulean imp!
The sling bullet burns the cerulean imp.
You kill the cerulean imp!
The cerulean imp disappears in a puff of smoke!
The cerulean imp closely misses you.
You shoot a sling bullet. The sling bullet hits Natasha.
The sling bullet burns Natasha.
Natasha is heavily wounded.
The cerulean imp hits you from afar with a +2 spear.
Natasha barely misses you. The cerulean imp barely misses you.
You shoot a sling bullet. The sling bullet hits Natasha.
The sling bullet burns Natasha.
Natasha is almost dead.
Natasha claws you. The cerulean imp misses you.
You shoot a sling bullet. The sling bullet barely misses Natasha.
Natasha claws you.
The cerulean imp hits you from afar with a +2 spear.
You shoot a sling bullet. The sling bullet hits Natasha.
The sling bullet burns Natasha.
Natasha is almost dead.
Natasha stares at you and mumbles some strange words.
The magic dart hits you!
You die...

.# . .# .. .# ...
.## ...5 ..
#.h..###.######
#.5)5.......
########h###########
.......@...........#
#########...####.###
###..# #.###
##.###...# #...#...#
###.#...# #.#...#
#.#.#######
#.#........


You could see Natasha and a cerulean imp (summoned).

Vanquished Creatures
  Natasha (D:3)
  2 adders
  2 worms (D:2)
  A dart slug (D:3)
  An orc (D:3)
  5 endoplasms
  A giant cockroach (D:2)
  12 goblins
  8 hobgoblins
  2 quokkas (D:2)
  4 ball pythons (D:1)
  3 bats (D:1)
  3 frilled lizards
  5 kobolds
  4 rats
54 creatures vanquished.

Notes
Turn   | Place    | Note
-------+----------+-------------------------------------------
     0 | D:1      | qw the Minotaur Hexslinger began the quest for the Orb.
     0 | D:1      | Reached XP level 1. HP: 16/16 MP: 1/1
     0 | D:1      | 0 ||| qw: Version: 0.3-a-46-gb1f654a
     0 | D:1      | 0 ||| qw: Game counter: 1585
     0 | D:1      | 0 ||| qw: Melee chars always use a shield: true
     0 | D:1      | 0 ||| qw: God list: Okawaru
     0 | D:1      | 0 ||| qw: Allow faded altars: false
     0 | D:1      | 0 ||| qw: Do Orc after clearing Dungeon:15 true
     0 | D:1      | 0 ||| qw: Do second Lair branch before Depths: true
     0 | D:1      | 0 ||| qw: Lair rune preference: random
     0 | D:1      | 0 ||| qw: Goals: Normal
     0 | D:1      | 0 ||| PLANNING D:1-11
   103 | D:1      | Reached skill level 3 in Ranged Weapons
   103 | D:1      | Reached XP level 2. HP: 23/23 MP: 2/2
   470 | D:1      | 470 ||| UPGRADING to +0 pair of boots.
   475 | D:1      | 475 ||| UPGRADING to +0 pair of gloves.
   480 | D:1      | 480 ||| READING scroll labelled OSHUMP WIUD.
   481 | D:1      | 481 ||| READING scroll labelled TEXZET HEI.
   486 | D:1      | 486 ||| READING scroll labelled MODUGG IMEANN.
   487 | D:1      | 487 ||| READING scroll labelled XOWOOF XYPO UNOBA.
   488 | D:1      | 488 ||| READING scroll labelled VOR ZOCOYCSO.
   589 | D:1      | 589 ||| READING 2 scrolls labelled QONUMO GONA.
   590 | D:1      | 590 ||| DROPPING scroll of poison.
   650 | D:2      | Reached XP level 3. HP: 29/29 MP: 3/3
   937 | D:2      | Reached skill level 4 in Ranged Weapons
  1355 | D:2      | 1355 ||| UPGRADING to +0 leather armour.
  1365 | D:2      | 1365 ||| DROPPING +0 robe.
  1366 | D:2      | 1366 ||| DROPPING +6 ring of intelligence.
  1367 | D:2      | 1367 ||| UPGRADING to ring of see invisible.
  1368 | D:2      | 1368 ||| READING 2 scrolls labelled FEAGAD VAKI.
  1369 | D:2      | 1369 ||| READING scroll labelled ERPHAURE MACOTI.
  1370 | D:2      | 1370 ||| READING scroll labelled OWNIGO JIONI.
  1371 | D:2      | 1371 ||| DROPPING scroll of vulnerability.
  1423 | D:3      | Noticed Natasha
  1430 | D:3      | Killed Natasha
  1431 | D:3      | Reached XP level 4. HP: 36/36 MP: 4/4
  1523 | D:3      | Found a runed translucent gate.
  1523 | D:3      | Found a runed translucent gate.
  1526 | D:3      | Reached skill level 5 in Ranged Weapons
  1528 | D:3      | Found a runed translucent gate.
  1528 | D:3      | Found an opulent altar of Gozag.
  1529 | D:3      | Noticed an ice beast
  1530 | D:3      | Noticed qw's ghost (amateur GrHs)
  1586 | D:3      | Noticed Natasha
  1590 | D:3      | 1590 ||| Stepping ~*~*~tactically~*~*~ (outnumbered).
  1598 | D:3      | HP: 7/37 [cerulean imp/+2 spear[Natasha] (3)]
  1599 | D:3      | Killed from afar by Natasha

Levels and vault maps discovered:
D:1:      psy_arrival_terrarium, layout_rooms
D:2:      layout_basic
D:3:      layout_basic, trog_butcher_becter, ebering_ghost_gozag, uniq_ijyb,
          uniq_robin, uniq_natasha, uniq_sigmund

Skill      XL: |  1  2  3  4 |
---------------+-------------+-----
Ranged Weapons | 3 4 5 |  5.0
Fighting       | 2 |  2.3
Dodging        | |  2.1
Spellcasting   | |  1.0
Hexes          | |  2.0

Action                     |  1- 3 |  4- 6 || total
---------------------------+-------+-------++-------
   Fire: Sling             |   120 |    35 ||   155
    Use: Scroll            |     9 |       ||     9
 Armour: Robe              |     5 |       ||     5
         Leather armour    |     3 |     5 ||     8
  Dodge: Dodged            |     8 |    12 ||    20

Table legend:
 A = Non-vault XP
 B = Vault XP
 C = Vault XP percentage of total XP
 D = Non-vault monster count
 E = Vault monster count
 F = Vault count percentage of total count
                 A         B        C        D         E       F
            +---------+---------+-------+---------+---------+-------
      Total |     118 |      35 |  22.9 |      53 |       1 |   1.9
            +---------+---------+-------+---------+---------+-------
        D:1 |      34 |       0 |   0.0 |      23 |       0 |   0.0
        D:2 |      52 |       0 |   0.0 |      20 |       0 |   0.0
        D:3 |      32 |      35 |  52.2 |      10 |       1 |   9.1
            +---------+---------+-------+---------+---------+-------
